Map: Nightscape LE

Players

qqq

  • Race: Zerg Zerg
  • League: Platinum
  • Spawn Location: 1:00

Massa

  • Race: Terran Terran
  • League: Platinum
  • Spawn Location: 1:00

BoBo - Winner!

  • Race: Protoss Protoss
  • League: Diamond
  • Spawn Location: 7:00

Pepero - Winner!

  • Race: Terran Terran
  • League: Diamond
  • Spawn Location: 7:00

VOD

Have the link to the VOD?

Description

Time

  • Played on: Dec. 4, 2020, 3:49 p.m.
  • Length: 18:50
Show
View Real Time Build Order
Export as new Build Order

qqq Zerg 

Build Orders: Hatch First 

Get SALT Encoding   

  12  0:00  Drone  
  13  0:09  Drone  
  14  0:39  Hatchery  
  14  0:42  Drone  
  14  0:53  Overlord  
  14  1:06  Spawning Pool  
  14  1:07  Drone  
  14  1:12  Drone  
  15  1:23  Drone x2  
  17  1:27  Extractor  
  16  1:37  Drone  
  17  1:51  Extractor  
  17  1:52  Drone x2  
  18  1:55  Queen  
  18  1:59  Queen  
  22  2:04  Drone  
  22  2:07  Drone  
  24  2:11  Drone  
  25  2:18  Overlord  
  25  2:23  Drone  
  25  2:26  Zergling x2  
  27  2:33  Drone  
  27  2:35  Overlord  
  28  2:41  Drone  
  29  2:46  Metabolic Boost  
  29  2:48  Zergling x2  
  29  2:50  Drone  
  31  2:57  Zergling x2  
  32  3:02  Zergling x2  
  33  3:07  Zergling x2  
  33  3:10  Overlord  
  33  3:11  Zergling x4  
  36  3:13  Drone  
  36  3:17  Zergling x2  
  38  3:26  Zergling x2  
  39  3:30  Lair  
  39  3:34  Zergling x2  
  40  3:35  Zergling x2  
  42  3:41  Zergling x2  
  42  3:43  Zergling x2  
  42  3:46  Hatchery  
  42  3:48  Overlord  
  42  3:51  Zergling x2  
  42  3:53  Zergling x2  
  44  3:55  Zergling x2  
  44  3:59  Zergling x2  
  46  4:09  Zergling x2  
  47  4:10  Zergling x6  
  50  4:18  Zergling x4  
  50  4:19  Overlord  
  50  4:22  Zergling x4  
  52  4:57  Spire  
  52  4:59  Extractor  
  47  5:00  Spore Crawler  
  47  5:01  Drone  
  47  5:02  Drone x2  
  47  5:03  Drone x4  
  47  5:05  Extractor  
  47  5:06  Extractor  
  51  5:08  Drone x2  
  51  5:09  Drone x3  
  51  5:10  Drone  
  57  5:18  Spore Crawler  
  56  5:39  Drone x3  
  56  5:41  Queen  
  56  5:42  Queen  
  61  5:46  Queen  
  61  5:48  Drone x2  
  61  5:49  Drone  
  68  5:55  Overlord  
  68  6:04  Drone x4  
  69  6:06  Drone  
  73  6:13  Zerg Flyer Weapons Level 1  
  73  6:14  Mutalisk  
  73  6:17  Mutalisk  
  77  6:22  Overlord  
  76  6:32  Overseer  
  72  6:41  Queen  
  72  6:42  Drone x3  
  72  6:43  Drone x3  
  80  6:52  Corruptor  
  80  6:53  Corruptor  
  76  7:16  Mutalisk x2, Corruptor  
  76  7:17  Corruptor x2  
  76  7:20  Drone x2  
  76  7:21  Drone  
  89  7:27  Spore Crawler  
  88  7:35  Spore Crawler  
  85  7:40  Spore Crawler  
  85  7:42  Mutalisk, Corruptor  
  84  7:50  Infestation Pit  
  79  8:16  Drone x3  
  79  8:17  Mutalisk  
  79  8:18  Mutalisk  
  79  8:19  Corruptor  
  88  8:21  Overlord x3  
  88  8:24  Zerg Flyer Armor Level 1  
  88  8:31  Spore Crawler  
  88  8:33  Spore Crawler x2  
  85  8:38  Overlord  
  85  8:39  Mutalisk  
  87  8:42  Drone x2  
  71  8:57  Corruptor x2  
  71  8:58  Mutalisk  
  71  9:00  Mutalisk  
  71  9:02  Drone  
  78  9:03  Drone  
  79  9:13  Hive  
  79  9:18  Drone  
  79  9:21  Drone, Queen  
  83  9:24  Spore Crawler  
  82  9:38  Corruptor x2  
  78  10:02  Mutalisk x3  
  78  10:03  Drone x2  
  78  10:04  Drone  
  78  10:05  Extractor  
  84  10:07  Extractor  
  83  10:17  Hatchery  
  74  10:30  Mutalisk  
  74  10:31  Mutalisk  
  78  10:35  Viper  
  81  10:55  Mutalisk  
  81  10:56  Mutalisk  
  85  10:58  Drone x3  
  88  11:09  Mutalisk  
  90  11:12  Drone  
  91  11:19  Viper  
  78  11:58  Mutalisk x6  
  78  12:00  Drone x7  
  78  12:01  Drone x2  
  90  12:21  Corruptor  
  90  12:22  Corruptor  
  94  12:23  Overlord x2  
  94  12:25  Drone x4  
  94  12:29  Hatchery  
  97  12:32  Viper  
  97  12:34  Drone x2  
  97  12:35  Hatchery  
  97  12:36  Extractor  
  94  12:39  Corruptor  
  96  12:44  Zerg Flyer Weapons Level 2  
  96  12:45  Hatchery  
  96  12:46  Drone x2  
  96  12:47  Mutalisk  
  96  12:48  Corruptor  
  96  12:50  Hatchery  
  100  12:59  Viper  
  100  13:01  Drone x2  
  105  13:07  Mutalisk  
  105  13:08  Drone  
  105  13:09  Drone  
  105  13:12  Extractor  
  108  13:13  Spore Crawler  
  108  13:14  Queen  
  108  13:15  Spore Crawler  
  108  13:22  Spore Crawler x3  
  108  13:23  Drone  
  108  13:24  Spore Crawler x2  
  108  13:25  Queen  
  106  13:38  Mutalisk x6  
  106  13:40  Drone  
  119  13:41  Drone  
  117  13:51  Mutalisk  
  117  13:52  Mutalisk  
  117  13:53  Drone x4  
  122  14:00  Mutalisk x2  
  91  14:18  Mutalisk x2  
  91  14:19  Mutalisk  
  91  14:20  Drone x3  
  91  14:21  Drone x3  
  91  14:35  Corruptor x2  
  91  14:39  Drone x5  
  91  14:41  Extractor  
  83  14:54  Corruptor x3  
  83  14:56  Drone x6  
  83  14:59  Extractor  
  92  15:08  Drone x2  
  92  15:11  Spine Crawler x2  
  92  15:12  Spine Crawler  
  92  15:14  Spine Crawler  
  88  15:15  Spine Crawler  
  88  15:17  Mutalisk, Corruptor  
  88  15:19  Drone  
  88  15:20  Drone  
  92  15:39  Mutalisk  
  92  15:40  Mutalisk, Corruptor  
  92  15:41  Hatchery  
  97  15:46  Viper  
  99  16:14  Mutalisk  
  99  16:15  Mutalisk, Corruptor  
  99  16:18  Drone x3  
  108  16:26  Queen  
  108  16:27  Extractor  
  108  16:31  Hatchery  
  108  16:35  Hatchery  
  107  16:42  Hatchery  
  106  16:51  Drone x3  
  106  16:53  Corruptor x2  
  106  16:54  Mutalisk  
  113  16:55  Viper  
  118  17:02  Drone  
  116  17:23  Viper x2  
  122  17:30  Mutalisk x2  
  122  17:33  Corruptor  
  128  17:38  Overlord  
  128  17:39  Overlord x4  
  128  17:51  Drone x3  
  128  17:52  Drone  
  130  18:02  Corruptor  
  130  18:03  Corruptor x4  
  130  18:04  Drone  
  130  18:05  Drone  
  132  18:06  Drone  
Show
View Real Time Build Order
Export as new Build Order

Massa Terran 

Build Orders: 2 Factory 

Get SALT Encoding   

  12  0:00  SCV  
  13  0:12  SCV  
  14  0:18  Supply Depot  
  14  0:24  SCV  
  15  0:39  SCV  
  15  0:40  Barracks  
  16  0:45  Refinery  
  16  0:51  SCV  
  17  1:04  SCV  
  18  1:16  SCV  
  19  1:28  SCV  
  19  1:31  Reaper  
  21  1:38  Command Center  
  21  1:40  SCV  
  21  1:43  Refinery  
  22  1:52  Orbital Command  
  22  2:06  Factory  
  22  2:09  Marine  
  22  2:14  Supply Depot  
  23  2:28  Barracks Tech Lab  
  23  2:36  SCV  
  24  2:47  Factory  
  24  2:48  SCV  
  25  2:55  Orbital Command  
  25  3:00  Barracks Reactor, SCV  
  25  3:01  Hellion  
  25  3:02  Infernal Pre-Igniter  
  28  3:14  SCV  
  29  3:23  Hellion  
  29  3:27  SCV  
  32  3:28  SCV  
  33  3:39  SCV  
  34  3:43  Barracks Tech Lab, Hellion x2  
  34  3:44  Hellion  
  34  3:47  SCV  
  41  3:51  SCV  
  41  3:54  Engineering Bay  
  42  4:03  Stimpack  
  42  4:04  Hellion x2  
  46  4:11  Supply Depot x2  
  46  4:15  Supply Depot  
  46  4:33  Hellion x3, Marauder  
  51  4:54  Widow Mine x2, Hellion  
  51  4:56  Missile Turret  
  54  5:07  Missile Turret  
  54  5:10  Starport  
  54  5:15  Widow Mine  
  54  5:16  SCV x2  
  58  5:38  Widow Mine x2  
  64  5:43  Siege Tank  
  64  5:45  Marine  
  64  5:49  Barracks  
  66  5:51  Refinery  
  66  5:52  Refinery  
  66  5:58  Barracks x2  
  66  5:59  Widow Mine x2  
  70  6:06  Starport Reactor, Missile Turret  
  70  6:14  Armory  
  70  6:25  Supply Depot  
  70  6:26  Supply Depot  
  70  6:42  SCV  
  70  6:47  SCV, Siege Tank  
  74  6:48  Marine  
  74  6:49  Marine x3  
  78  6:54  SCV  
  78  6:59  SCV  
  78  7:06  Marine x4  
  82  7:11  SCV  
  79  7:24  Marine x4  
  83  7:47  Barracks Reactor  
  83  7:48  Barracks Reactor, Barracks Tech Lab  
  83  7:50  Viking  
  85  7:57  Supply Depot  
  85  8:00  Supply Depot  
  85  8:04  Viking  
  69  8:15  Widow Mine x3  
  75  8:20  Medivac  
  77  8:34  Medivac  
  77  8:36  Widow Mine x3  
  85  8:44  Marauder x2, Marine x3  
  85  8:45  Marine  
  85  8:48  Terran Infantry Weapons Level 1  
  93  9:02  Marine x3  
  96  9:05  Marauder x2  
  92  9:49  Marauder x2, Marine x3  
  92  9:50  Marine  
  86  10:07  Marine  
  86  10:10  Marauder x2  
  90  10:17  Marine x3  
  90  10:23  Viking x2  
  90  10:25  Marine  
  93  10:32  Marauder x2  
  93  10:34  Marine x2  
  93  10:35  Marine  
  84  10:43  Marine  
  81  10:53  Marauder x2, Viking x2  
  88  11:10  Marine x3  
  89  11:14  Widow Mine x3, Marauder x2  
  99  11:23  Viking  
  101  11:37  Widow Mine  
  102  11:48  Widow Mine x2, Marauder x2  
  102  11:53  Marine  
  102  12:24  Marauder  
  102  12:25  Viking x2  
  102  12:27  Marauder  
  102  12:28  Marine  
  84  12:43  Marine  
  84  12:44  Marine x2  
  64  12:46  Marauder, Marine  
  64  12:49  Marauder  
  67  12:55  Viking x2  
  71  13:01  Marine  
  72  13:05  Command Center  
  72  13:07  Marauder, Marine x3  
  72  13:09  Widow Mine x3, Command Center  
  72  13:10  Marauder  
  85  13:17  Terran Vehicle And Ship Armor Level 1  
  85  13:18  Supply Depot  
  85  13:19  Terran Infantry Armor Level 1, Marine, Supply Depot x2  
  86  13:21  Supply Depot  
  86  13:24  Marine, Supply Depot  
  86  13:25  Marine x2, Viking x2  
  93  13:29  Marauder  
  93  13:30  Widow Mine  
  93  13:32  Marauder  
  99  13:40  Siege Tank  
  102  13:50  Marauder  
  102  13:53  Marauder  
  102  13:55  Viking  
  100  13:56  Viking  
  100  14:08  Marine x4  
  104  14:11  Marauder  
  104  14:14  Marine  
  107  14:24  Viking  
  107  14:26  Marine x3, Viking  
  95  14:58  Marauder x2, Marine x4  
  102  15:15  Marine  
  102  15:16  Medivac  
  102  15:17  Medivac  
  102  15:19  Marauder  
  109  15:27  Drilling Claws  
  109  15:30  SCV  
  109  15:31  SCV  
  111  15:36  Terran Infantry Weapons Level 2  
  111  15:43  SCV x2  
  113  15:51  Orbital Command  
  113  15:55  Refinery, SCV x2  
  115  16:07  SCV  
  115  16:09  Missile Turret  
  115  16:22  Marine x4  
  115  16:23  Marine x2  
  121  16:26  Combat Shield  
  121  16:29  Concussive Shells  
  121  16:38  Orbital Command  
  119  16:42  Refinery  
  119  16:46  Smart Servos  
  119  16:49  SCV x3  
  122  16:56  Marauder x2, Marine x3  
  122  16:57  Marine  
  122  16:59  Viking  
  122  17:00  Viking  
  134  17:01  SCV x2  
  134  17:02  SCV  
  137  17:13  SCV  
  137  17:14  Marine  
  139  17:17  Marauder x2  
  137  17:34  Viking x2  
  137  17:36  Marine x4  
  145  17:39  Marauder x2  
  149  17:49  Refinery  
  149  17:50  Refinery  
  149  17:54  Marine x2  
  151  17:59  Armory  
  151  18:04  Viking x2  
Show
View Real Time Build Order
Export as new Build Order

BoBo Protoss - Winner!

Build Orders: Carriers 

Get SALT Encoding   

  12  0:02  Probe  
  13  0:14  Probe  
  14  0:20  Pylon  
  14  0:28  Probe  
  15  0:40  Probe  
  15  0:42  Assimilator  
  16  0:45  Gateway  
  16  0:55  Probe (Chrono Boost)  
  17  1:07  Probe (Chrono Boost)  
  17  1:10  Assimilator  
  18  1:15  Probe (Chrono Boost)  
  19  1:22  Probe  
  20  1:34  Probe (Chrono Boost)  
  20  1:37  Cybernetics Core  
  21  1:46  Probe (Chrono Boost)  
  22  1:51  Probe (Chrono Boost)  
  23  2:01  Pylon  
  23  2:10  Nexus  
  23  2:19  Probe, Stargate  
  24  2:31  Probe  
  25  2:43  Assimilator  
  25  2:44  Probe (Chrono Boost)  
  26  2:47  Assimilator  
  26  2:51  Pylon  
  26  2:56  Probe (Chrono Boost)  
  27  3:00  Void Ray (Chrono Boost)  
  27  3:01  Stargate  
  27  3:02  Probe (Chrono Boost)  
  28  3:10  Probe  
  33  3:21  Forge  
  33  3:23  Probe x2 (Chrono Boost)  
  35  3:35  Probe (Chrono Boost), Void Ray  
  35  3:40  Probe (Chrono Boost)  
  41  3:44  Probe (Chrono Boost)  
  41  3:48  Probe (Chrono Boost)  
  43  3:51  Probe  
  44  3:59  Probe  
  45  4:04  Probe  
  45  4:09  Protoss Air Weapons Level 1  
  46  4:13  Photon Cannon  
  46  4:14  Probe (Chrono Boost)  
  46  4:16  Probe (Chrono Boost), Shield Battery  
  49  4:25  Phoenix  
  49  4:26  Probe (Chrono Boost)  
  49  4:27  Probe (Chrono Boost)  
  52  4:31  Phoenix  
  54  4:46  Shield Battery  
  54  5:12  Pylon  
  54  5:18  Pylon  
  54  5:21  Void Ray (Chrono Boost)  
  54  5:30  Probe  
  59  5:36  Pylon  
  59  5:37  Pylon, Void Ray (Chrono Boost)  
  63  5:51  Cybernetics Core  
  63  5:54  Fleet Beacon  
  63  5:55  Probe x2  
  65  5:57  Phoenix  
  67  6:12  Probe x2  
  67  6:13  Phoenix  
  71  6:22  Phoenix, Stargate  
  71  6:24  Probe x2  
  75  6:27  Protoss Air Armor Level 1 (Chrono Boost)  
  75  6:36  Probe  
  75  6:37  Probe  
  75  6:38  Phoenix  
  79  6:47  Phoenix  
  79  6:48  Probe  
  79  6:49  Probe  
  83  7:00  Probe  
  83  7:01  Probe  
  85  7:26  Probe  
  85  7:28  Pylon  
  86  7:30  Pylon  
  86  7:32  Pylon  
  86  7:39  Probe  
  86  7:40  Probe, Void Ray x2  
  86  7:42  Void Ray  
  96  7:51  Probe, Pylon  
  96  7:52  Probe  
  96  7:54  Pylon  
  96  7:56  Pylon  
  98  8:03  Probe  
  98  8:04  Probe  
  100  8:06  Protoss Air Weapons Level 2 (Chrono Boost)  
  100  8:09  Nexus  
  100  8:17  Void Ray  
  100  8:19  Void Ray  
  100  8:20  Pylon  
  100  8:23  Carrier, Assimilator  
  100  8:26  Assimilator  
  109  8:52  Protoss Air Armor Level 2 (Chrono Boost)  
  109  9:00  Phoenix  
  109  9:02  Probe x2, Photon Cannon, Carrier (Chrono Boost), Shield Battery  
  119  9:08  Pylon  
  119  9:14  Probe  
  121  9:24  Probe  
  121  9:25  Carrier (Chrono Boost)  
  127  9:48  Carrier (Chrono Boost)  
  133  9:59  Void Ray (Chrono Boost)  
  79  10:10  Stargate  
  79  10:16  Void Ray (Chrono Boost)  
  79  10:19  Probe x2  
  79  10:20  Probe  
  82  10:25  Photon Cannon  
  82  10:27  Photon Cannon  
  86  10:30  Photon Cannon, Void Ray (Chrono Boost)  
  86  10:31  Probe x2  
  86  10:32  Probe  
  93  10:40  Photon Cannon  
  93  10:41  Photon Cannon  
  93  10:44  Photon Cannon  
  93  10:45  Void Ray (Chrono Boost), Pylon  
  93  10:49  Void Ray (Chrono Boost)  
  87  10:53  Void Ray (Chrono Boost)  
  99  11:10  Void Ray (Chrono Boost)  
  103  11:16  Void Ray (Chrono Boost)  
  103  11:21  Void Ray (Chrono Boost)  
  107  11:51  Void Ray x2 (Chrono Boost)  
  115  12:01  Void Ray (Chrono Boost)  
  115  12:02  Void Ray (Chrono Boost)  
  114  12:49  Pylon  
  114  12:50  Carrier x3 (Chrono Boost), Pylon  
  114  12:52  Pylon  
  132  13:10  Photon Cannon  
  132  13:11  Photon Cannon, Pylon  
  132  13:12  Pylon x2  
  132  13:13  Photon Cannon  
  132  13:15  Shield Battery  
  132  13:16  Pylon  
  132  13:17  Nexus  
  132  13:22  Carrier  
  138  13:33  Nexus  
  138  13:34  Photon Cannon, Shield Battery  
  138  13:39  Photon Cannon  
  138  13:47  Carrier  
  150  13:55  Carrier  
  150  13:56  Carrier  
  120  14:25  Carrier (Chrono Boost)  
  110  14:48  Carrier (Chrono Boost)  
  110  14:55  Probe  
  110  14:56  Probe x3  
  110  14:57  Probe, Carrier (Chrono Boost), Void Ray (Chrono Boost)  
  121  15:00  Photon Cannon  
  121  15:04  Photon Cannon  
  119  15:08  Probe x2  
  119  15:09  Probe  
  122  15:18  Void Ray (Chrono Boost)  
  122  15:22  Probe  
  122  15:24  Probe  
  122  15:25  Probe x3  
  122  15:27  Void Ray  
  131  15:33  Assimilator  
  135  15:36  Assimilator  
  135  15:39  Void Ray  
  135  15:44  Assimilator  
  135  15:46  Assimilator  
  135  15:48  Void Ray  
  143  16:02  Void Ray  
  139  16:04  Void Ray  
  147  16:16  Void Ray  
  147  16:21  Probe x3  
  147  16:22  Probe  
  155  16:42  Nexus  
  155  16:44  Pylon  
  155  16:47  Pylon  
  155  16:52  Stargate  
  155  16:53  Stargate  
  155  16:56  Stargate  
  155  16:58  Pylon  
  155  17:13  Photon Cannon  
  155  17:15  Photon Cannon  
  155  17:16  Photon Cannon  
  155  17:18  Shield Battery  
  155  17:20  Shield Battery  
  155  17:23  Void Ray x3  
  167  17:47  Photon Cannon, Shield Battery  
  167  17:48  Void Ray  
  167  17:52  Photon Cannon  
  167  17:55  Shield Battery  
  171  17:58  Pylon  
  171  18:00  Pylon, Void Ray  
  171  18:02  Phoenix x2  
  171  18:03  Assimilator  
  175  18:07  Assimilator  
  185  18:36  Nexus  
  185  18:39  Pylon  
  185  18:41  Pylon  
  175  18:45  Pylon  
Show
View Real Time Build Order
Export as new Build Order

Pepero Terran - Winner!

Build Orders: Mech 

Get SALT Encoding   

  12  0:00  SCV  
  13  0:13  SCV  
  14  0:17  Supply Depot  
  14  0:25  SCV  
  15  0:31  Refinery  
  15  0:39  SCV  
  16  0:46  Barracks  
  16  0:51  SCV  
  17  1:03  SCV  
  18  1:15  SCV  
  19  1:27  SCV  
  20  1:33  Marine  
  22  1:41  Orbital Command  
  21  1:51  Marine  
  22  1:55  Command Center  
  22  2:01  Supply Depot  
  22  2:09  Marine  
  23  2:22  SCV  
  24  2:24  Supply Depot  
  24  2:26  Marine  
  24  2:29  Factory  
  25  2:34  Refinery, SCV  
  26  2:44  Barracks Tech Lab  
  26  2:46  SCV  
  26  2:49  Supply Depot  
  27  2:58  SCV  
  28  3:10  SCV  
  28  3:12  Barracks Tech Lab  
  29  3:18  Starport  
  29  3:20  Siege Tank  
  29  3:23  SCV  
  34  3:28  Orbital Command  
  34  3:31  Refinery  
  34  3:34  Marine  
  34  3:35  SCV  
  35  3:47  SCV  
  36  3:51  Marine  
  36  3:54  Medivac  
  39  3:59  SCV  
  39  4:00  Refinery  
  40  4:02  Engineering Bay  
  40  4:03  Siege Tank  
  40  4:09  Marine  
  44  4:11  SCV  
  44  4:16  Supply Depot  
  45  4:17  SCV  
  45  4:23  SCV  
  47  4:24  Starport Tech Lab  
  47  4:27  Marine  
  48  4:32  Orbital Command, Stimpack  
  38  4:45  Marine  
  39  4:55  Banshee  
  39  4:56  Cloaking Field  
  42  5:03  SCV, Marine  
  44  5:11  SCV  
  45  5:20  Marine  
  42  5:38  Marine  
  42  5:40  Factory  
  42  5:42  Siege Tank  
  46  5:43  Factory  
  46  5:54  SCV x2  
  46  5:56  Marine  
  44  6:06  SCV  
  45  6:14  Marine, Siege Tank  
  45  6:15  SCV  
  51  6:18  SCV  
  51  6:47  Factory Tech Lab  
  51  6:48  Factory Tech Lab  
  51  6:52  Siege Tank  
  51  7:18  Hellion  
  51  7:19  Hellion  
  51  7:20  SCV x2  
  57  7:24  Hellion  
  57  7:27  Supply Depot  
  59  7:32  SCV x2  
  61  7:37  Infernal Pre-Igniter  
  61  7:40  Hellion x2  
  61  7:41  Armory  
  61  7:43  Armory  
  65  7:44  SCV x2  
  67  7:51  Supply Depot  
  67  7:52  Supply Depot  
  67  7:54  Supply Depot  
  67  7:57  Supply Depot  
  67  7:58  Supply Depot  
  67  7:59  SCV x2  
  69  8:06  Viking  
  71  8:15  Supply Depot  
  71  8:17  Supply Depot  
  71  8:19  Supply Depot  
  71  8:21  Siege Tank  
  71  8:24  SCV x2  
  76  8:30  Supply Depot  
  76  8:36  SCV, Viking  
  79  8:41  Siege Tank x2  
  83  9:00  Siege Tank  
  83  9:05  SCV  
  83  9:06  SCV, Viking  
  87  9:12  Terran Vehicle And Ship Armor Level 1, Terran Vehicle Weapons Level 1  
  87  9:14  Hellion x2  
  89  9:32  Hellion  
  89  9:36  Viking  
  47  10:52  SCV  
  47  10:53  Missile Turret  
  35  11:04  SCV  
  35  11:09  Hellion x3  
  41  11:13  Terran Vehicle And Ship Armor Level 2, Terran Vehicle Weapons Level 2, Command Center  
  41  11:16  SCV  
  42  11:30  Hellion x3  
  47  11:51  Hellion  
  47  11:52  Hellion  
  47  11:54  Missile Turret  
  51  12:08  Siege Tank  
  54  12:13  Siege Tank x2  
  48  12:40  Siege Tank  
  51  12:45  Siege Tank x2  
  57  13:06  Missile Turret  
  57  13:12  Hellion  
  59  13:13  Orbital Command  
  59  13:17  Hellion x2  
  63  13:33  Hellion  
  65  13:38  SCV, Hellion  
  65  13:39  Hellion  
  70  13:50  SCV  
  70  13:55  Hellion  
  71  14:12  Siege Tank x2  
  71  14:16  Siege Tank  
  71  14:31  Terran Vehicle Weapons Level 3  
  71  14:32  Terran Vehicle And Ship Armor Level 3  
  71  14:38  Refinery  
  71  14:44  Siege Tank  
  74  14:52  Hellion, Siege Tank  
  79  14:55  SCV  
  80  15:03  Hellion x8  
  80  15:14  Hellion  
  82  15:17  Siege Tank  
  83  15:31  Missile Turret, Thor  
  83  15:35  Missile Turret  
  89  15:41  Missile Turret x2  
  74  16:12  Missile Turret x2  
  74  16:42  Command Center  
  74  16:53  Thor x2  
  86  17:08  Thor  
  92  17:30  Refinery  
  92  17:32  Refinery  
  87  18:10  Siege Tank x3  
  96  18:15  Missile Turret  
  96  18:20  Orbital Command  
Tags
 
Add a new tag
Caveats
  • Supply blocks, unpowered buildings, or Contaminate may cause inaccurate times.
  • Supply counts are checked every 10 seconds.